Workbook

Sheet Evaluación
D2: EVALUACIÓN DEL PROCESO DE CONTRATACIÓN PARA OPERADOR LOGÍSTICO ENCUENTROS CUIDADANOS 2020 ALCALDÍA LOCAL DE BARRIOS UNIDOS FDLBU-MC-147-2020
B6: ORDEN | C6: PROPONENTE | D6: PRESUPUESTO ENTIDAD $24.578.000 OFERTA ECONÓMICA VALOR FDLBU $5.100.077 sin IVA | G6: EXPERIENCIA El proponente debe certificar el contar con experiencia en contratación de servicios logísticos para eventos relacionados con el objeto del proceso de máximo dos (02) contratos públicos o privados que sumen el 100% del presupuesto oficial | K6: ESPECIFICACIONES TÉCNICAS Numerales 2.3 y 3 Estudio Previo | M6: EVALUACIÓN JURÍDICA | N6: RESULTADO FINAL DE LA EVALUACIÓN CUMPLE/NO CUMPLE/ RECHAZADO | O6: OBSERVACIÓN
D7: VALOR OFERTADO SECOP II | E7: VALOR OFERTADO SIN IVA | F7: ECONÓMICO CUMPLE / NO CUMPLE | G7: Contrato 1 | H7: Contrato 2 | I7: SUMATORIA EXPERIENCIA | J7: EXPERIENCIA CUMPLE / NO CUMPLE | K7: FORMATO 6 ESPECIFICACIONES TÉCNICAS | L7: FACTOR TÉCNICO CUMPLE / NO CUMPLE
G8: VALOR | H8: VALOR
B9: 1 | C9: ='Económico general'!C7 -> LOGISTIC EVENT SAS | D9: 24578000 | E9: ='Económico general'!D7 -> 3214916 | F9: RECHAZADO | G9: 100000000 | H9: 0 | I9: =+G9+H9 -> 100000000 | J9: CUMPLE | K9: CUMPLE | L9: CUMPLE | M9: CUMPLE | N9: RECHAZADO | O9: La entidad, una vez recibida la respuesta de aclaración por parte de la empresa LOGISTIC EVENT, analizó la desagregación del precio con base en el Estudio del Sector y la información del mercado disponible, tal como se encuentra establecido en la Guía para manejo de precios artificialmente bajos de Colombia Compra Eficiente. Una vez revisados los documentos aclaratorios respecto a la experiencia del proponente y las aclaraciones y soportes respecto de su propuesta económica, el comité evaluador rechaza la propuesta al no suministrar los soportes necesarios que validen el precio ofertado para el ítem número 5 y cuya relevancia es abosluta teniendo en cuenta el numeral 3.4 "ALQUILER DE EQUIPOS Y MEDIOS VIRTUALES" del estudio previo del proceso y el anexo "Metodología CPL Encuentros Ciudadanos" De esta manera, la oferta para el ítem 5 se entiende por fuera de lo aceptable como una oferta sostenible, estando en más de un 86% por debajo de los precios (y sin sustento alguno) que hacen parte del Estudio del Sector y precios del mercado analizados como fundamento para la presente contratación.
B10: 2 | C10: ='Económico general'!C8 -> CORPORACIÓN SOLIDARIA Y TRABAJO | D10: 4532264 | E10: ='Económico general'!D8 -> 3808625 | F10: =IF(E10>='Económico general'!$D$24,"CUMPLE","NO CUMPLE") -> CUMPLE | G10: 163500000 | H10: 24058403 | I10: =+G10+H10 -> 187558403 | J10: =IF(I10>2457800,"CUMPLE","NO CUMPLE") -> CUMPLE | K10: CUMPLE | L10: CUMPLE | M10: CUMPLE | N10: =IF(AND(M10="CUMPLE",L10="CUMPLE",J10="CUMPLE",F10="CUMPLE"),"CUMPLE","NO CUMPLE") -> CUMPLE
B11: 3 | C11: ='Económico general'!C9 -> VIVIAN CHAPARRO | D11: 24578000 | E11: ='Económico general'!D9 -> 3984975 | F11: =IF(E11>='Económico general'!$D$24,"CUMPLE","NO CUMPLE") -> CUMPLE | I11: =+G11+H11 -> 0 | N11: =IF(AND(M11="CUMPLE",L11="CUMPLE",J11="CUMPLE",F11="CUMPLE"),"CUMPLE","NO CUMPLE") -> NO CUMPLE
B12: 4 | C12: ='Económico general'!C10 -> DIGERATI | D12: 4896782 | E12: ='Económico general'!D10 -> 4114943 | F12: =IF(E12>='Económico general'!$D$24,"CUMPLE","NO CUMPLE") -> CUMPLE | I12: =+G12+H12 -> 0 | N12: =IF(AND(M12="CUMPLE",L12="CUMPLE",J12="CUMPLE",F12="CUMPLE"),"CUMPLE","NO CUMPLE") -> NO CUMPLE
B13: 5 | C13: ='Económico general'!C11 -> ASESOL | D13: 24578000 | E13: ='Económico general'!D11 -> 4136712 | F13: =IF(E13>='Económico general'!$D$24,"CUMPLE","NO CUMPLE") -> CUMPLE | I13: =+G13+H13 -> 0 | N13: =IF(AND(M13="CUMPLE",L13="CUMPLE",J13="CUMPLE",F13="CUMPLE"),"CUMPLE","NO CUMPLE") -> NO CUMPLE
B14: 6 | C14: ='Económico general'!C12 -> OMEGA EVENTOS | D14: 24578000 | E14: ='Económico general'!D12 -> 4158046 | F14: =IF(E14>='Económico general'!$D$24,"CUMPLE","NO CUMPLE") -> CUMPLE | I14: =+G14+H14 -> 0 | N14: =IF(AND(M14="CUMPLE",L14="CUMPLE",J14="CUMPLE",F14="CUMPLE"),"CUMPLE","NO CUMPLE") -> NO CUMPLE
B15: 7 | C15: ='Económico general'!C13 -> ASODISFISUR | D15: 24578000 | E15: ='Económico general'!D13 -> 4201680 | F15: =IF(E15>='Económico general'!$D$24,"CUMPLE","NO CUMPLE") -> CUMPLE | I15: =+G15+H15 -> 0 | N15: =IF(AND(M15="CUMPLE",L15="CUMPLE",J15="CUMPLE",F15="CUMPLE"),"CUMPLE","NO CUMPLE") -> NO CUMPLE
B16: 8 | C16: ='Económico general'!C14 -> BONGA BUSTAMANTE | D16: 24578000 | E16: ='Económico general'!D14 -> 4506402 | F16: =IF(E16>='Económico general'!$D$24,"CUMPLE","NO CUMPLE") -> CUMPLE | I16: =+G16+H16 -> 0 | N16: =IF(AND(M16="CUMPLE",L16="CUMPLE",J16="CUMPLE",F16="CUMPLE"),"CUMPLE","NO CUMPLE") -> NO CUMPLE
B17: 9 | C17: ='Económico general'!C15 -> INVICTO SAS | D17: 24578000 | E17: ='Económico general'!D15 -> 4534162 | F17: =IF(E17>='Económico general'!$D$24,"CUMPLE","NO CUMPLE") -> CUMPLE | I17: =+G17+H17 -> 0 | N17: =IF(AND(M17="CUMPLE",L17="CUMPLE",J17="CUMPLE",F17="CUMPLE"),"CUMPLE","NO CUMPLE") -> NO CUMPLE
B18: 10 | C18: ='Económico general'!C16 -> ORVITUR SAS | D18: 24578000 | E18: ='Económico general'!D16 -> 4590069 | F18: =IF(E18>='Económico general'!$D$24,"CUMPLE","NO CUMPLE") -> CUMPLE | I18: =+G18+H18 -> 0 | N18: =IF(AND(M18="CUMPLE",L18="CUMPLE",J18="CUMPLE",F18="CUMPLE"),"CUMPLE","NO CUMPLE") -> NO CUMPLE
B19: 11 | C19: ='Económico general'!C17 -> TOP | D19: 24578000 | E19: ='Económico general'!D17 -> 4756711 | F19: =IF(E19>='Económico general'!$D$24,"CUMPLE","NO CUMPLE") -> CUMPLE | I19: =+G19+H19 -> 0 | N19: =IF(AND(M19="CUMPLE",L19="CUMPLE",J19="CUMPLE",F19="CUMPLE"),"CUMPLE","NO CUMPLE") -> NO CUMPLE
B20: 12 | C20: ='Económico general'!C18 -> FUNDESCO | D20: 24578000 | E20: ='Económico general'!D18 -> 4823343 | F20: =IF(E20>='Económico general'!$D$24,"CUMPLE","NO CUMPLE") -> CUMPLE | I20: =+G20+H20 -> 0 | N20: =IF(AND(M20="CUMPLE",L20="CUMPLE",J20="CUMPLE",F20="CUMPLE"),"CUMPLE","NO CUMPLE") -> NO CUMPLE
B21: 13 | C21: ='Económico general'!C19 -> FUNDACIÓN SXXI | D21: 24578000 | E21: ='Económico general'!D19 -> 4896492 | F21: =IF(E21>='Económico general'!$D$24,"CUMPLE","NO CUMPLE") -> CUMPLE | I21: =+G21+H21 -> 0 | N21: =IF(AND(M21="CUMPLE",L21="CUMPLE",J21="CUMPLE",F21="CUMPLE"),"CUMPLE","NO CUMPLE") -> NO CUMPLE

Sheet Económico general
B2: VALOR ESTUDIO DE MERCADO FDLBU-MC-147-2020
B3: 1 | C3: VALOR DEFINITO POR LA ENTIDAD | D3: 5100077
B5: LISTADO VALORES OFERTADOS FDLBU-MC-147-2020
B6: No. | C6: PROPONENTE | D6: VALOR OFERTA | E6: % DESCUENTO
B7: 9 | C7: LOGISTIC EVENT SAS | D7: 3214916 | E7: =1-(D7/$D$3) -> 0.36963383
B8: 4 | C8: CORPORACIÓN SOLIDARIA Y TRABAJO | D8: 3808625 | E8: =1-(D8/$D$3) -> 0.25322206
B9: 13 | C9: VIVIAN CHAPARRO | D9: 3984975 | E9: =1-(D9/$D$3) -> 0.21864415
B10: 5 | C10: DIGERATI | D10: 4114943 | E10: =1-(D10/$D$3) -> 0.19316061
B11: 1 | C11: ASESOL | D11: 4136712 | E11: =1-(D11/$D$3) -> 0.18889225
B12: 10 | C12: OMEGA EVENTOS | D12: 4158046 | E12: =1-(D12/$D$3) -> 0.18470917
B13: 2 | C13: ASODISFISUR | D13: 4201680 | E13: =1-(D13/$D$3) -> 0.17615361
B14: 3 | C14: BONGA BUSTAMANTE | D14: 4506402 | E14: =1-(D14/$D$3) -> 0.11640511
B15: 8 | C15: INVICTO SAS | D15: 4534162 | E15: =1-(D15/$D$3) -> 0.11096205
B16: 11 | C16: ORVITUR SAS | D16: 4590069 | E16: =1-(D16/$D$3) -> 0.10000006
B17: 12 | C17: TOP | D17: 4756711 | E17: =1-(D17/$D$3) -> 0.06732565
B18: 7 | C18: FUNDESCO | D18: 4823343 | E18: =1-(D18/$D$3) -> 0.054260749
B19: 6 | C19: FUNDACIÓN SXXI | D19: 4896492 | E19: =1-(D19/$D$3) -> 0.039918025
B21: ANÁLISIS ESTADÍSTICO
B22: MEDIANA | D22: =MEDIAN(D7:D19) -> 4201680
B23: DESVIACIÓN ESTANDAR | D23: =_xlfn.STDEV.P(D7:D19) -> 449476.04
B24: VALOR MÍNIMO ACEPTABLE | D24: =+D22-D23 -> 3752204
B26: ANÁLISIS ESTADÍSTICO
B27: PROMEDIO | D27: =AVERAGE(D7:D14) -> 4015787.4
B28: DESVIACIÓN ESTANDAR | D28: =_xlfn.STDEV.P(D12:D24) -> 1192753
B29: VALOR MÍNIMO ACEPTABLE | D29: =+D27-D28 -> 2823034.4

Sheet Económico detallado
B2: INFORMACIÓN GENERAL ALCALDÍA LOCAL BARRIOS UNIDOS | H2: Propuesta Logistic Events | J2: Corporación Solidaria y Trabajo
B3: No. | C3: Grupo | D3: Descripción | E3: Unidad | F3: Cantidad | G3: Valor sin IVA | H3: Valor ofertado | I3: % Descuento | J3: Valor ofertado | K3: % Descuento
B4: 1 | C4: Personal | D4: Relator: Formación en áreas del conocimiento de las ciencias sociales o humanas con tres (3) años de experiencia profesional en temas relacionado con la elaboración de planes de desarrollo. | E4: Día | F4: 1 | G4: 140155.87 | H4: 130000 | I4: =1-(H4/G4) -> 0.072461231 | J4: 140156 | K4: =1-(J4/G4) -> -9.5132181e-07
B5: 2 | C5: Personal | D5: Auxiliar logístico: Bachiller con experiencia de mas de dos (2) años en apoyo logístico de eventos. | E5: Día | F5: 1 | G5: 58520.2 | H5: 50000 | I5: =1-(H5/G5) -> 0.14559417 | J5: 58520 | K5: =1-(J5/G5) -> 3.4176233e-06
B6: 3 | C6: Personal | D6: Diseñador piezas publicitarias: Profesional en artes visuales y afines: diseño gráfico, diseño industrial, cine y televisión, diseño visual, diseño digital y multimedia, comunicación gráfica, comunicación publicitaria, comunicación audiovisual, diseño de comunicación visual, artes plásticas y visuales. Un (1) año de experiencia laboral en elaboración de piezas digitales. | E6: Día | F6: 1 | G6: 132549.23 | H6: 130000 | I6: =1-(H6/G6) -> 0.019232351 | J6: 132549 | K6: =1-(J6/G6) -> 1.7603522e-06
B7: 4 | C7: Personal | D7: Interpretes lenguaje de señas acreditado por el Ministerio de Educación Nacional y por el INSOR | E7: Hora | F7: 1 | G7: 67500 | H7: 56891 | I7: =1-(H7/G7) -> 0.15717037 | J7: 67500 | K7: =1-(J7/G7) -> 0
B8: 5 | C8: Equipos | D8: Alquiler computador con sistema operativo Windows 10, pantalla de 15 pulgadas, sexta generación . portatil por un día de trabajo o lanzamiento a partir del 2017, disco HDD, capacidad de 1 TB, memoria de 16 GB. Paquete office 2010 en adelante. | E8: Mes | F8: 1 | G8: 150031.25 | H8: 20000 | I8: =1-(H8/G8) -> 0.86669444 | J8: 105021 | K8: =1-(J8/G8) -> 0.30000583
B9: 6 | C9: Equipos | D9: Alquiler video beam lampara tradicional, distancia regular, resolución nativa WXGA mínimo 4.000 lumenes | E9: Día | F9: 1 | G9: 5481.2917 | H9: 5400 | I9: =1-(H9/G9) -> 0.01483075 | J9: 4110 | K9: =1-(J9/G9) -> 0.25017674
B10: 7 | C10: Conectividad | D10: Plan de datos móvil con mínimo 30 gigas de navegación de internet, whatsapp ilimitado, mensajes de texto ilimitado y llamadas telefónica ilimitada (Sim Card) | E10: Unidad | F10: 1 | G10: 133419 | H10: 110000 | I10: =1-(H10/G10) -> 0.17552972 | J10: 100064 | K10: =1-(J10/G10) -> 0.25000187
B11: 8 | C11: Conectividad | D11: Serivicio de plataforma virtual para envío masivo de mensajes SMS de mínimo 160 caracteres en una sola vía. | E11: Unidad | F11: 1 | G11: 12.783333 | H11: 10 | I11: =1-(H11/G11) -> 0.21773142 | J11: 11 | K11: =1-(J11/G11) -> 0.13950456
B12: 9 | C12: Conectividad | D12: Plataforma para reuniones virtuales el cual soporte 500 personas por sesión para 1 anfitrion. ID personal a medida. Grabación de las sesiones en la nube. Capacidad de ingreso individual y transcripción de grabaciones en la nube con almacenamiento de 100GB | E12: Mes | F12: 1 | G12: 496326.79 | H12: 400000 | I12: =1-(H12/G12) -> 0.19407936 | J12: 372240 | K12: =1-(J12/G12) -> 0.25001025
B13: 10 | C13: Elementos de protección personal | D13: Tapabocas N95 con filtro caja por 10 unidades | E13: Caja | F13: 1 | G13: 100000 | H13: 90000 | I13: =1-(H13/G13) -> 0.1 | J13: 73250 | K13: =1-(J13/G13) -> 0.2675
B14: 11 | C14: Elementos de protección personal | D14: Tapabocas blanco de 3 pliegues desechable caja por 50 unidades | E14: Caja | F14: 1 | G14: 60381 | H14: 55000 | I14: =1-(H14/G14) -> 0.089117438 | J14: 42260 | K14: =1-(J14/G14) -> 0.30011096
B15: 12 | C15: Elementos de protección personal | D15: Guantes de nitrilo caja por 100 unidades | E15: Caja | F15: 1 | G15: 47000 | H15: 44000 | I15: =1-(H15/G15) -> 0.063829787 | J15: 32900 | K15: =1-(J15/G15) -> 0.3
... B52: 49 | C52: Impresos | D52: Escarapelas en papel kimberly con forro plástico y tira 15 mm, con gancho metálico de presión. | E52: Parquete | F52: 100 | G52: 407420.67 | H52: 100000 | I52: =1-(H52/G52) -> 0.75455344 | J52: 297417 | K52: =1-(J52/G52) -> 0.27000021
